AoeStats
← Flying-Cucumber

Fortress

507870457Analyzed
3v3 RM · 13d ago on Sep 20, 2026· 44m 23s· 6 players
Game mode
Random Map
Map size
Large (8 player)
Population
200
Speed
Normal
Resources
Standard
Victory
Conquest
Starting age
Dark Age
Ending age
Imperial Age
RankedLock teamsTeams togetherTeam positionsShared explorationLock speedFull tech treeHidden civsTurbo modeCheats
Victory
Defeat
🇺🇸 Japanese · United States
1470
+9
🇺🇸 Vietnamese · United States
1453
+9
🇺🇸 Goths · United States
1243
+17
🇩🇪 Muisca · Germany
1361
-14
🇦🇷 Lithuanians · Argentina
1296
-12
🇨🇿 Franks · Czechia
1205
-9
Tonix
6:49 Feudal Age
12:00 Castle Age
10:30 Double-Bit Axe
12:05 Forging
11:58 Scale Mail Armor
12:05 Scale Barding Armor
13:17 Bow Saw
18:54 Wheelbarrow
18:11 Loom
20:40 Hand Cart
20:33 Town Watch
23:28 Fortified Wall
23:39 Ballistics
23:53 Forging
23:44 Scale Mail Armor
23:50 Squires
26:34 Iron Casting
26:15 Chain Mail Armor
31:29 Imperial Age
30:28 Chain Barding Armor
31:51 Gold Mining
32:11 Chivalry
31:49 Cavalier
32:30 Husbandry
33:36 Plate Barding Armor
34:41 Blast Furnace
34:08 Paladin
36:09 Conscription
36:06 Elite Throwing Axeman
38:08 Plate Mail Armor
39:32 #83
43:04 Light Cavalry
Flying-Cucumber
8:03 Feudal Age
11:39 Castle Age
9:37 Double-Bit Axe
9:55 Horse Collar
12:49 Bow Saw
13:09 Scale Barding Armor
17:47 Loom
18:32 Heavy Plow
20:24 Wheelbarrow
21:11 Gold Mining
28:08 Imperial Age
26:01 Chain Barding Armor
26:32 Forging
28:23 Bloodlines
30:13 Padded Archer Armor
29:39 Cavalier
34:20 Hand Cart
mat.hey
8:02 Feudal Age
11:15 Wheelbarrow
13:18 Castle Age
11:49 Fletching
12:19 Gold Mining
12:18 Double-Bit Axe
13:13 Loom
15:26 Gold Mining
15:43 Squires
15:50 Padded Archer Armor
16:54 Bow Saw
24:12 Leather Archer Armor
26:19 Redemption
30:36 Ballistics
30:19 Bodkin Arrow
36:25 Imperial Age
35:55 Hand Cart
36:05 Scale Mail Armor
35:31 Champi Runner
Trooperone1
5:57 Feudal Age
6:23 Double-Bit Axe
6:18 Horse Collar
14:05 Castle Age
13:53 Wheelbarrow
13:28 Stone Mining
14:56 Bow Saw
14:47 Heavy Plow
17:54 Fletching
18:38 Hand Cart
18:53 Gold Mining
19:17 Bodkin Arrow
20:55 Ballistics
21:19 Town Watch
21:19 Loom
22:42 Padded Archer Armor
27:00 Imperial Age
27:44 Bracer
29:16 Leather Archer Armor
30:04 Chemistry
31:22 Ring Archer Armor
30:53 Scale Mail Armor
31:03 Forging
31:32 Paper Money
32:12 Chain Mail Armor
32:43 Crop Rotation
33:24 Two-Man Saw
34:29 Plate Mail Armor
34:34 Iron Casting
34:28 Thumb Ring
35:20 Squires
35:52 Ring Archer Armor
36:06 Guilds
36:35 Hoardings
36:33 Elite Rattan Archer
37:26 Elite Fire Lancer
44:11 Coinage
TheSaltMill
10:01 Feudal Age
11:25 Horse Collar
13:49 Castle Age
11:37 Double-Bit Axe
11:49 Loom
15:11 Bow Saw
15:08 Heavy Plow
15:43 Bow Saw
19:38 Wheelbarrow
22:24 Gold Mining
24:02 Hand Cart
27:05 Imperial Age
25:39 Scale Mail Armor
25:49 Forging
25:42 Anarchy
26:32 Pikeman
27:30 Chain Mail Armor
27:50 Iron Casting
27:16 Squires
28:22 Conscription
28:09 Perfusion
28:32 Conscription
28:06 Man-at-Arms
28:27 Long Swordsman
28:53 Two-Handed Swordsman
30:21 Champion
32:13 Blast Furnace
31:46 Elite Huskarl
34:12 Halberdier
39:55 Chemistry
38:47 Champion
39:47 Padded Archer Armor
Fingon
8:15 Feudal Age
12:00 Castle Age
9:54 Double-Bit Axe
10:42 Horse Collar
13:03 Bow Saw
13:30 Wheelbarrow
16:53 Loom
17:44 Scale Mail Armor
18:49 Chain Mail Armor
22:21 Forging
23:41 Iron Casting
27:23 Fletching
27:58 Heavy Plow
27:40 Pikeman
28:20 Squires
29:20 Arson
33:05 Gold Mining
37:51 Imperial Age
35:25 Bodkin Arrow
36:01 Padded Archer Armor
36:44 Yasama
38:10 Thumb Ring
38:21 Leather Archer Armor
37:56 Elite Samurai
39:08 Plate Mail Armor
39:38 Blast Furnace
44:52 Hand Cart
45:07 Conscription
45:23 Hoardings
45:01 Masonry
45:01 Fortified Wall
Connection lost

Rejoining the realm…

Still unreachable

The connection could not be restored.

Session expired

The server has moved on; the page needs a fresh start.